 Dungeon Crawl Stone Soup version 0.27.1-34-g3ba077fa99 (webtiles) character file.

Game seed: 7789012746953275149

141 christoldme the Skirmisher (level 5, -6/47 HPs)
             Began as a Minotaur Fighter on Jan 7, 2022.
             Mangled by Edmund (8 damage)
             ... on level 4 of the Dungeon.
             The game lasted 00:10:16 (2252 turns).

christoldme the Skirmisher (Minotaur Fighter)       Turns: 2252, Time: 00:10:17

Health: -6/47      AC: 10    Str: 21    XL:     5   Next: 3%
Magic:  4/4        EV:  8    Int:  5    God:
Gold:   110        SH:  9    Dex: 10    Spells: 4/4 levels left

rFire    . . .     SeeInvis .   a - +0 war axe
rCold    . . .     Faith    .   c - +0 kite shield
rNeg     . . .     Spirit   .   f - quicksilver dragon scales
rPois    .         Reflect  .   (helmet restricted)
rElec    .         Harm     .   (no cloak)
rCorr    .         Rampage  .   (no gloves)
Will     +....                  (no boots)
Stlth    ..........             (no amulet)
HPRegen  0.15/turn              (no ring)
MPRegen  0.09/turn              (no ring)

@: no status effects
A: horns 2, retaliatory headbutt
a: no special abilities


You were on level 4 of the Dungeon.
You visited 1 branch of the dungeon, and saw 4 of its levels.

You collected 110 gold pieces.

Inventory:

Hand Weapons
 a - a +0 war axe (weapon)
Armour
 b - a +0 scale mail
 c - a +0 kite shield (worn)
 f - quicksilver dragon scales (worn)
Scrolls
 e - a scroll of fog {unknown}
 h - a scroll of blinking {unknown}
 i - a scroll of fear {unknown}
 j - 3 scrolls of identify {unknown}
 k - a scroll of immolation {unknown}
Potions
 d - 3 potions of might
 g - a potion of curing {unknown}
 l - a potion of invisibility {unknown}
 m - a potion of attraction {unknown}


   Skills:
 + Level 4.7 Fighting
 * Level 3.7 Axes
 + Level 4.6 Armour
 + Level 4.6 Shields


You had 4 spell levels left.
You didn't know any spells.
Your spell library contained the following spells:

 Spells                   Type           Power      Damage    Failure   Level
 Slow                     Hex            0%         N/A       99%         2
 Confusing Touch          Hex            0%         N/A       100%        3
 Vampiric Draining        Necr           0%         2d6       100%        3


Dungeon Overview and Level Annotations

Branches:
Dungeon (4/15)
 Temple: D:4-7

Altars:

Annotations:
D:4 Edmund


Innate Abilities, Weirdness & Mutations

You have a pair of horns on your head.
You reflexively headbutt those who attack you in melee.


Message History

You block Edmund's attack.
You hit Edmund.
Edmund is heavily wounded.
Edmund hits you with a +1 dire flail of holy wrath.
You block Edmund's attack.
You slash Edmund!
Edmund is severely wounded.
You block Edmund's attack.
You hit Edmund but do no damage. You headbutt Edmund, but do no damage.
Edmund is severely wounded.
Edmund hits you with a +1 dire flail of holy wrath.
You block Edmund's attack.
You closely miss Edmund.
Edmund is severely wounded.
Edmund barely misses you.
You completely miss Edmund.
Edmund is severely wounded.
Edmund hits you with a +1 dire flail of holy wrath.
You block Edmund's attack.
You barely miss Edmund.
Edmund is heavily wounded.
You block Edmund's attack.
Edmund hits you with a +1 dire flail of holy wrath!
You hit Edmund. You headbutt Edmund!
Edmund is severely wounded.
Edmund hits you with a +1 dire flail of holy wrath.
* * * LOW HITPOINT WARNING * * *
You barely miss Edmund.
Edmund is severely wounded.
Edmund hits you but does no damage.
Edmund hits you with a +1 dire flail of holy wrath!
* * * LOW HITPOINT WARNING * * *
You hit Edmund. Your headbutt misses Edmund.
Edmund is almost dead.
Edmund hits you but does no damage.
You hit Edmund but do no damage.
Edmund is almost dead.
You block Edmund's attack.
Edmund hits you with a +1 dire flail of holy wrath!
You die...

####...# ##
##.....## ..#
.....###.## #..#
.....###..#
##..#
..#....##.##...#
# #.........#
###.......##
...........#
........@..#
#######.@.....#
##...#### .....#
.!....#
........#
##....##..
#..... #.


You could see Edmund.

Vanquished Creatures
  A hound (D:3)
  A hound skeleton (D:4)
  2 adders
  2 worms
  A dart slug (D:2)
  An orc (D:2)
  2 bats
  5 endoplasms
  A giant cockroach (D:3)
  9 goblins
  7 hobgoblins
  10 jackals
  2 quokkas (D:3)
  3 ball pythons
  4 frilled lizards
  10 kobolds
  7 rats
68 creatures vanquished.

Notes
Turn   | Place    | Note
-------+----------+-------------------------------------------
     0 | D:1      | christoldme the Minotaur Fighter began the quest for the
                  | Orb.
     0 | D:1      | Reached XP level 1. HP: 19/19 MP: 0/0
    67 | D:1      | Reached XP level 2. HP: 20/27 MP: 1/1
   121 | D:1      | Found a faded altar of an unknown god.
   727 | D:2      | Reached XP level 3. HP: 33/33 MP: 2/2
  1434 | D:3      | Reached XP level 4. HP: 31/41 MP: 3/3
  2223 | D:4      | Reached XP level 5. HP: 45/47 MP: 4/4
  2235 | D:4      | Noticed Edmund
  2250 | D:4      | HP: 1/47 [Edmund (9)]
  2252 | D:4      | Mangled by Edmund

Illustrated notes

Levels and vault maps discovered:
D:1:      minmay_arrival_checkered_box, layout_rooms,
          hellmonk_ecumenical_altar_crossroads
D:2:      layout_basic
D:3:      layout_basic
D:4:      layout_layer_cave, serial_shops,
          nicolae_shop_temple_entry_statues_fountains, lexackson_kobold_supper,
          uniq_edmund

Skill      XL: |  1  2 |
---------------+-------+-----
Fighting       | 4 |  4.7
Armour         | 4 |  4.6
Shields        | 4 |  4.6
Axes           | 3 |  3.7

Action                   |  1- 3 |  4- 6 || total
-------------------------+-------+-------++-------
Melee: War axe           |   101 |    62 ||   163
       Headbutt          |    15 |    11 ||    26
Armor: Scale mail        |    25 |       ||    25
       Quicksilver drago |    32 |    35 ||    67
Dodge: Dodged            |    49 |    27 ||    76
Block: Kite shield       |    72 |    46 ||   118
